 Dungeon Crawl Stone Soup version 0.28-a0-1429-gf3d713df7a (webtiles) character file.

Game seed: 2563331795446583900

408 anonymouscript the Covert (level 6, -5/42 HPs)
             Began as an Octopode Brigand on Jan 8, 2022.
             Shot with an arrow by a centaur (9 damage)
             ... on level 4 of the Dungeon.
             The game lasted 00:07:32 (2351 turns).

anonymouscript the Covert (Octopode Brigand)        Turns: 2351, Time: 00:07:32

Health: -5/42      AC:  1    Str: 10    XL:     6   Next: 88%
Magic:  6/6        EV: 13    Int: 13    God:
Gold:   104        SH:  0    Dex: 16    Spells: 5/5 levels left

rFire   . . .      SeeInvis .   a - +2 dagger
rCold   . . .      Faith    .   (no shield)
rNeg    . . .      Spirit   .   (helmet restricted)
rPois   .          Reflect  .   (no amulet)
rElec   .          Harm     .   (no ring)
rCorr   .          Rampage  .   (no ring)
Will    .....                   (no ring)
Stlth   +++++.....              (no ring)
HPRegen 0.14/turn               (no ring)
MPRegen 0.10/turn               (no ring)
                                (no ring)
                                (no ring)

@: no status effects
A: almost no armour, amphibious, 8 rings, camouflage 1, gelatinous body 1,
(nimble swimmer 1), tentacles
a: no special abilities


You were on level 4 of the Dungeon.
You visited 1 branch of the dungeon, and saw 4 of its levels.

You collected 104 gold pieces.

Inventory:

Hand Weapons
 a - a +2 dagger (weapon)
Missiles
 b - 17 poisoned darts
 c - 2 curare-tipped darts
Armour
 g - a scarf of repulsion
 h - a +1 cloak
Scrolls
 d - a scroll of magic mapping {unknown}
 f - 3 scrolls of teleportation (quivered)
 i - a scroll of silence {unknown}
 j - a scroll of noise {unknown}
 k - 4 scrolls of identify
 l - a scroll of summoning {unknown}
 p - a scroll of enchant weapon {unknown}
 q - a scroll of vulnerability {unknown}
 r - a scroll of holy word {unknown}
Potions
 e - a potion of brilliance
 m - 2 potions of haste
 n - a potion of magic {unknown}
 o - 2 potions of attraction {unknown}
 s - a potion of lignification {unknown}
 t - 2 potions of curing {unknown}


   Skills:
 + Level 3.0 Fighting
 + Level 3.5 Short Blades
 + Level 3.1 Throwing
 + Level 1.5 Dodging
 + Level 8.8 Stealth


You had 5 spell levels left.
You didn't know any spells.
Your spell library contained the following spells:

 Spells                   Type           Power      Damage    Failure   Level
 Ozocubu's Armour         Ice            0%         N/A       67%         3
 Metabolic Englaciation   Hex/Ice        0%         N/A       100%        5
 Simulacrum               Ice/Necr       0%         N/A       100%        6


Dungeon Overview and Level Annotations

Branches:
Dungeon (4/15)
 Temple: D:4-7

Altars:

Shops:
D:3 :


Innate Abilities, Weirdness & Mutations

You cannot wear most types of armour.
You are amphibious.
You can wear up to eight rings at the same time.
Your skin changes colour to match your surroundings (Stealth+).
Your rubbery body absorbs attacks. (AC +1, EV +1)
((You are camouflaged when in or above water. (Stealth+)))
You have tentacles for arms and can constrict up to eight enemies at once.


Message History

You hit the endoplasm.
The endoplasm is moderately wounded.
The endoplasm freezes you.
You are frozen.
You hit the endoplasm.
The endoplasm is almost dead.
The endoplasm closely misses you.
You hit the endoplasm.
You kill the endoplasm!
You open the door.
An endoplasm, a goblin, a kobold, an orc priest and a centaur come into view.
The goblin is wielding a +1 dagger of electrocution.
A jelly comes into view.
Found a rapier, a scale mail and 12 gold pieces.
There is an open door here.
The endoplasm quivers.
The centaur shouts!
The jelly quivers.
The kobold shouts!
The kobold hits you with a +0 whip. The endoplasm hits you.
The orc priest shouts!
The goblin shouts!
You hit the kobold.
You kill the kobold!
The endoplasm hits you.
You hit the endoplasm.
The endoplasm is heavily wounded.
The centaur hits you. The centaur barely misses you.
The orc priest mumbles some strange prayers to Beogh against you.
Beogh smites you! The endoplasm freezes you.
You are frozen.
The goblin misses you. The centaur hits you. The centaur kicks you.
The centaur wields a +0 shortbow.
The centaur shoots an arrow.
The arrow hits you!
* * * LOW HITPOINT WARNING * * *
There is an open door, spattered with blood here.
The centaur shoots an arrow.
The arrow barely misses you.
The centaur shoots an arrow.
The arrow hits you!
You die...

#####..#'#..#.#...#.#
......##.##.#.#.....#
####..#..)#...#.....#
# #.#######..#.....#
####.#.....#..#.....#
##...'....)#........#
....#########.......#
###.#$.....g#.......#
# #.#).....Jo.J.@.###
# #.#[...)..#c....# #
#.#########.....#
#..'....)#......#
#..#....[#......#
#..#######.######
#...#.(.#..#
#...##.##.##
##...#'#..#


You could see a centaur, a jelly, an orc priest, an endoplasm and a goblin.

Vanquished Creatures
  Grinder (D:3)
  A centaur zombie (D:4)
  2 iguanas (D:4)
  An orc wizard (D:4)
  A hound skeleton (D:4)
  4 adders
  A gnoll (D:4)
  A worm (D:3)
  3 orcs
  5 endoplasms
  2 giant cockroaches
  3 goblins
  5 hobgoblins
  2 jackals (D:2)
  4 ball pythons
  4 bats (D:2)
  2 frilled lizards (D:2)
  4 kobolds
  A rat (D:3)
47 creatures vanquished.

Vanquished Creatures (others)
  A plant (D:1)
1 creature vanquished.

Grand Total: 48 creatures vanquished

Notes
Turn   | Place    | Note
-------+----------+-------------------------------------------
     0 | D:1      | anonymouscript the Octopode Brigand began the quest for the
                  | Orb.
     0 | D:1      | Reached XP level 1. HP: 14/14 MP: 1/1
   581 | D:2      | Reached XP level 2. HP: 19/19 MP: 2/2
   662 | D:2      | Reached skill level 6 in Stealth
  1043 | D:2      | Reached XP level 3. HP: 16/25 MP: 3/3
  1408 | D:3      | Noticed Grinder
  1408 | D:3      | Found Ysmables's Book Shop.
  1413 | D:3      | Killed Grinder
  1414 | D:3      | Reached skill level 8 in Stealth
  1414 | D:3      | Reached XP level 4. HP: 30/30 MP: 4/4
  1414 | D:3      | Reached XP level 5. HP: 35/35 MP: 5/5
  1414 | D:3      | Reached XP level 6. HP: 41/41 MP: 6/6
  2351 | D:4      | Shot with an arrow by a centaur

Illustrated notes

Levels and vault maps discovered:
D:1:      lightli_arrival_flooded_house, layout_rooms, basic_ecumenical_altar,
          minmay_pentomino_x2
D:2:      minmay_skewed_foursquare, layout_basic, serial_curves, eino_curves_02,
          eino_curves_01, eino_curves_01, eino_curves_04,
          hangedman_abyss_or_decor_stabs, minmay_misc_feat_nine_boxes,
          guppyfry_early_lair_pool
D:3:      layout_basic, serial_shops, nicolae_shop_trees, uniq_grinder
D:4:      layout_basic, minivault_23, minmay_divided_ellipse

Skill      XL: |  1  2  3  4  5  6 |
---------------+-------------------+-----
Stealth        | 6 8 |  8.8
Short Blades   | 3 |  3.5
Throwing       | 3 |  3.1
Fighting       | 3 |  3.0
Dodging        | |  1.5

Action                   |  1- 3 |  4- 6 || total
-------------------------+-------+-------++-------
Melee: Dagger            |    30 |    50 ||    80
       Constrict         |     8 |     6 ||    14
       Tentacles         |     4 |     7 ||    11
Throw: Dart              |    11 |     8 ||    19
  Use: Scroll            |       |     3 ||     3
 Stab: Sleeping          |     9 |    12 ||    21
Armor: Skin              |     1 |     2 ||     3
Dodge: Dodged            |    11 |    31 ||    42

Table legend: (Time is in decaauts)
 A = Elapsed time spent in this place.
 B = Non-inter-level travel time spent in this place.
 C = Inter-level travel time spent in this place.
 D = Time resting spent in this place.
 E = Time spent auto-exploring this place.
 F = Levels seen in this place.
 G = Mean time per level.
                   A        B        C        D        E       F      G
               +--------+--------+--------+--------+--------+-----+--------+
         Total |   2336 |   2302 |     34 |    373 |   1306 |   4 |  584.0 |
       Dungeon |   2336 |   2302 |     34 |    373 |   1306 |   4 |  584.0 |
               +--------+--------+--------+--------+--------+-----+--------+

Top non-repeatable levels by time:
     D:2: 1290 daAuts
     D:3: 494 daAuts
     D:4: 438 daAuts
     D:1: 113 daAuts
